 Dungeon Crawl Stone Soup version 0.27-a0-789-g6bb3289e1e (webtiles) character file.

Game seed: 14826987066114767108

110891 shoop the Thaumaturge (level 16, 0/120 HPs)
             Began as a Djinni Fire Elementalist on Mar 26, 2021.
             Was the Champion of Makhleb.
             Slain by Agnes
             ... wielding a +1 spectral lajatang
              (10 damage)
             ... on level 15 of the Dungeon on Apr 1, 2021.
             The game lasted 02:09:23 (31563 turns).

shoop the Thaumaturge (Djinni Fire Elementalist)   Turns: 31563, Time: 02:09:26

Health: 0/120      AC: 22    Str: 13    XL:     16   Next: 56%
Gold:   1736       EV: 11    Int: 23    God:    Makhleb [******] SH:  7 Dex: 21

rFire    + + .     SeeInvis .   a - staff of fire
rCold    + . .     Faith    .   R - +1 buckler "Jofihah" {*Drain Slay+6}
rNeg     . . .     Spirit   .   M - +0 ice dragon scales
rPois    ∞         Reflect  .   Y - +2 helmet {Int+3}
rElec    .         Harm     .   j - +2 cloak
rCorr    .         Rampage  .   N - +0 pair of gloves {Str+3}
Will     +....                  (boots unavailable)
Stlth    ++........             F - amulet of the acrobat
HPRegen  0.30/turn              E - ring "Plog" {Slay+4 Stlth+}
MPRegen  0.00/turn              q - +6 ring of dexterity

@: flying
A: fire resistance 2, cold vulnerability 1, float, innate caster, hp casting,
extra vitality 1
a: Renounce Religion, Minor Destruction, Lesser Servant of Makhleb, Major
Destruction, Greater Servant of Makhleb


You were on level 15 of the Dungeon.
You worshipped Makhleb.
Makhleb was exalted by your worship.
You visited 4 branches of the dungeon, and saw 24 of its levels.
You also visited: Bailey.

You collected 2895 gold pieces.
You spent 1159 gold pieces at shops.

Inventory:

Hand Weapons
 b - the +1 mace "Jituagow" {vorpal, Will+ Int+4 Dex+2}
   (You found it on level 1 of the Lair of Beasts)

   It inflicts extra damage upon your enemies.
   It affects your intelligence (+4).
   It affects your dexterity (+2).
   It affects your willpower, your defense against some magical effects.
 S - a +3 hand axe of electrocution
Missiles
 t - 17 curare-tipped darts
Armour
 j - a +2 cloak (worn)
 k - a +1 ring mail of cold resistance
 y - a +3 ring mail
 M - +0 ice dragon scales (worn)
 N - a +0 pair of gloves of strength (worn)
 O - a +2 robe of resistance
 R - the +1 buckler "Jofihah" (worn) {*Drain Slay+6}
   (You found it on level 3 of the Lair of Beasts)

   It affects your accuracy and damage with ranged weapons and melee attacks
   (+6).
   It causes draining when unequipped.
 T - the +2 leather armour of the Catamount {rElec rN+}
   (You bought it in a shop on level 1 of the Orcish Mines)

   It insulates you from electricity.
   It protects you from negative energy.
 U - a +2 leather armour of poison resistance
 Y - a +2 helmet of intelligence (worn)
Magical Staves
 a - a staff of fire (weapon)
 D - a staff of conjuration
Jewellery
 g - a +6 ring of strength
 q - a +6 ring of dexterity (left hand)
 u - a ring of wizardry
 C - a ring of willpower
 E - the ring "Plog" (right hand) {Slay+4 Stlth+}
   (You acquired it on level 13 of the Dungeon)

   [ring of slaying]

   It affects your accuracy and damage with ranged weapons and melee attacks
   (+4).
   It makes you more stealthy.
 F - an amulet of the acrobat (around neck)
 L - a ring of resist corrosion
Wands
 d - a wand of flame (71)
 I - a wand of random effects (50)
 J - a wand of polymorph (20)
 P - a wand of iceblast (5)
 Q - a wand of digging (6)
Scrolls
 h - 6 scrolls of vulnerability
 l - 2 scrolls of fear {unknown}
 o - a scroll of holy word
 p - 6 scrolls of noise {unknown}
 s - 4 scrolls of amnesia
 v - 3 scrolls of blinking
 w - 6 scrolls of immolation {unknown}
 x - 7 scrolls of teleportation
 V - a scroll of silence
 W - 3 scrolls of fog
 Z - 2 scrolls of magic mapping
Potions
 c - 3 potions of attraction {unknown}
 e - 3 potions of invisibility
 f - 3 potions of might
 i - 4 potions of flight {unknown}
 m - 6 potions of lignification
 n - 4 potions of curing
 r - 3 potions of berserk rage {unknown}
 z - 2 potions of cancellation
 A - 7 potions of heal wounds
 B - 4 potions of haste
 G - a potion of brilliance
 K - a potion of mutation
 X - a potion of resistance
Miscellaneous
 H - a condenser vane (inert)


   Skills:
 + Level 12.7 Fighting
 - Level 3.0 Axes
 + Level 0.0 Staves
 + Level 11.2 Armour
 - Level 5.0 Dodging
 - Level 4.0 Stealth
 - Level 4.0 Shields
 - Level 7.0 Unarmed Combat
 * Level 14.5 Spellcasting
 - Level 10.5 Invocations
 + Level 4.6 Evocations


You had 2 spell levels left.
You knew the following spells:

 Your Spells              Type           Power      Damage    Failure   Level
a - Foxfire               Conj/Fire      100%       2x1d9     1%          1
b - Conjure Flame         Conj/Fire      90%        6-21      1%          3
c - Inner Flame           Hex/Fire       90%        N/A       1%          3
d - Sticky Flame          Conj/Fire      90%        2d10      1%          4
e - Fireball              Conj/Fire      45%        3d18      1%          5
f - Animate Skeleton      Necr           100%       N/A       1%          1
g - Corpse Rot            Necr/Air       N/A        N/A       1%          2
h - Vampiric Draining     Necr           35%        2d11      1%          3
i - Cause Fear            Hex            35%        N/A       1%          4
j - Lightning Bolt        Conj/Air       35%        1d53      1%          5
k - Blade Hands           Tmut           35%        N/A       1%          5
l - Dispersal             Tloc           35%        N/A       6%          6
Your spell library was empty.

Dungeon Overview and Level Annotations

Branches:
Dungeon (15/15)            Temple (1/1) D:6            Lair (6/6) D:10
 Shoals (0/4) Lair:3       Spider (0/4) Lair:4        Slime (0/5) Lair:5
    Orc (2/2) D:11            Elf (0/3) Orc:2        Vaults (0/5) D:14
 Depths (0/5) D:15         Bailey (visited)

Altars:
Ashenzari
Cheibriados
Dithmenos
Elyvilon
Fedhas
Gozag
Hepliaklqana
Kikubaaqudgha
Makhleb
Nemelex Xobeh
Okawaru
Qazlal
Ru
Sif Muna
Trog
Uskayaw
Vehumet
Wu Jian
Xom
Yredelemnul
Zin
The Shining One
Beogh
Jiyva

Shops:
D:2 :   D:6 ?   Orc:1 [   Orc:2 (=[*

Annotations:
D:15 Agnes
Lair:1 exclusion: blink frog
Lair:2 exclusion: elephant
Lair:5 1 runed translucent door
Orc:2 2 runed translucent doors, exclusion: orange crystal statue


Innate Abilities, Weirdness & Mutations

You are immune to poison.
Your flesh is very heat resistant. (rF++)
You are vulnerable to cold. (rC-)
You float through the air rather than walking.
You learn spells naturally, not from books.
Your magical power is your life essence.
You have superior vitality. (+4 HP)


Message History

Agnes barely misses you.
Casting: Lightning Bolt (mildly dangerous; 1% risk of failure)
Confirm with . or Enter, or press ? or * to list all spells.
Agnes blinks!
Agnes hits you with a +1 spectral lajatang!
Casting: Dispersal (dangerous; 6% risk of failure)
Confirm with . or Enter, or press ? or * to list all spells.
Aiming: Lightning Bolt (mildly dangerous; 1% risk of failure)
Press: ? - help, Shift-Dir - straight line, f/p - Agnes
Aim: Agnes, wielding a +1 spectral lajatang and wearing a +0 robe (translocational energy, moderately wounded, fast, 71% to evade)
You hear a mighty clap of thunder!
The bolt of lightning misses Agnes.
You hear a horrible gurgling sound! x2
Agnes hits you with a +1 spectral lajatang! x2
Unknown command.
Clouds of freezing vapour condense around you!
The condenser dries out!
Agnes is engulfed in freezing vapours.
Agnes hits you with a +1 spectral lajatang!
* * * LOW HITPOINT WARNING * * *
Agnes is engulfed in freezing vapours.
Agnes hits you with a +1 spectral lajatang!!
* * * LOW HITPOINT WARNING * * *
Agnes is engulfed in freezing vapours.
Agnes hits you but does no damage.
Unknown command.
Blink to where?
Press: ? - help, Dir - move target, p - Agnes
As you read the scroll of blinking, it crumbles to dust.
Agnes is engulfed in freezing vapours. x2
Aiming: Polymorph
Press: ? - help, Shift-Dir - straight line, f - Agnes
Aim: Agnes, wielding a +1 spectral lajatang and wearing a +0 robe (heavily wounded, fast, will become a deep troll, a spark wasp, or a sea snake, chance to affect: 5%)
Okay, then.
Unknown command.
Aiming: Iceblast
Press: ? - help, Shift-Dir - straight line, f - Agnes
Aim: Agnes, wielding a +1 spectral lajatang and wearing a +0 robe (heavily wounded, fast)
The mass of ice explodes!
The iceblast engulfs Agnes!
Agnes is severely wounded.
Agnes hits you with a +1 spectral lajatang!
You die...

######### #...†....
#........ #####........
#....†.......
###.#......†.
#############...).)....
#..........###.....†...
#.....@....# ##.......(
#)....i....# #........
#..........# #........
#..........# #.#######
#..........# #.#
#....§§§...# #. ###
######§###.. ## #.. #§#
#.# #.. #.# #..


You could see Agnes (fast).

Vanquished Creatures
  Jorgrun (D:13)
  An orc warlord (Orc:2)
  An ettin (Orc:2)
  Josephine (Lair:4)
  5 boulder beetles
  9 hydras
  4 centaur warriors
  3 catoblepae (Lair:6)
  An orc high priest (Orc:2)
  Urug (D:12)
  13 death yaks
  6 two-headed ogres
  A fire crab (Lair:5)
  Sonja (D:13)
  Nergalle (Orc:2)
  A fire crab (shapeshifter) (D:14)
  A wizard (D:11)
  A lindwurm (Lair:6)
  7 orc knights
  3 deep elf pyromancers
  3 oklob plants (Lair:4)
  2 cyclopes
  An ugly thing (D:13)
  4 orc sorcerers
  6 manticores
  17 elephants
  Maurice (D:13)
  5 black mambas
  11 cane toads
  2 torpor snails
  A freezing wraith (D:15)
  5 rime drakes
  9 komodo dragons
  A tengu conjurer (D:15)
  A troll (shapeshifter) (D:15)
  Grinder (D:6)
  4 trolls
  3 slime creatures (D:15)
  21 blink frogs
  2 vampires
  3 wyverns
  6 wraiths
  50 yaks
  A spriggan (shapeshifter) (D:13)
  A tarantella (shapeshifter) (D:15)
  16 humans (D:14)
  3 basilisks
  4 vampire mosquitoes (D:13)
  2 steam dragons
  A warg (Orc:2)
  An acid dragon (D:10)
  17 water moccasins
  38 orc warriors
  An ice beast (D:5)
  A sky beast (D:8)
  A swamp drake (D:10)
  4 ogres
  2 black bears
  13 centaurs
  5 wolves
  2 kobold brigands
  14 bullfrogs
  2 gnoll sergeants
  A wyvern zombie (D:7)
  7 scorpions
  A water moccasin skeleton (D:6)
  8 killer bees
  8 wights
  2 electric eels (D:8)
  A howler monkey (D:9)
  5 centaur zombies
  4 jellies
  16 orc priests
  2 gnoll shamans
  2 hounds
  19 orc wizards
  3 killer bee zombies
  A human simulacrum (D:14)
  2 howler monkey zombies
  17 gnolls
  7 adders
  A howler monkey skeleton (D:4)
  2 ufetubi (D:5)
  An adder skeleton (D:4)
  4 worms
  2 dart slugs
  85 orcs
  3 bats
  7 endoplasms
  9 giant cockroaches
  7 goblins
  8 hobgoblins
  6 jackals
  16 kobolds
  2 quokkas (D:1)
  7 ball pythons
  6 frilled lizards
  4 rats
626 creatures vanquished.

Vanquished Creatures (collateral kills)
  2 ice dragons (D:15)
  A death knight (D:15)
  5 ugly things (D:15)
  A manticore (D:15)
  A cane toad (D:10)
  A freezing wraith (D:15)
  A tengu conjurer (D:15)
  A wraith (D:15)
  13 foxfires
26 creatures vanquished.

Vanquished Creatures (others)
  A human simulacrum (D:14)
  1785 foxfires
  75 fungi
  89 plants
1950 creatures vanquished.

Grand Total: 2602 creatures vanquished

Notes
Turn   | Place    | Note
-------+----------+-------------------------------------------
     0 | D:1      | shoop the Djinni Fire Elementalist began the quest for the
                  | Orb.
     0 | D:1      | Reached XP level 1. HP: 15/15 MP: 0/0
   160 | D:1      | Reached skill level 3 in Spellcasting
   214 | D:1      | Reached XP level 2. HP: 20/21 MP: 0/0
   985 | D:1      | Reached XP level 3. HP: 24/25 MP: 0/0
   985 | D:1      | Learned a level 1 spell: Animate Skeleton
  1695 | D:2      | Reached skill level 4 in Spellcasting
  1711 | D:2      | Reached XP level 4. HP: 27/31 MP: 0/0
  1768 | D:2      | Found Evump's Book Boutique.
  1858 | D:2      | You are sucked into a shaft and drop 1 floor!
  2515 | D:3      | Found a basalt altar of Yredelemnul.
  2557 | D:3      | Found a shimmering altar of Xom.
  2566 | D:3      | Reached skill level 1 in Fighting
  2566 | D:3      | Reached XP level 5. HP: 12/37 MP: 0/0
  2566 | D:3      | Learned a level 2 spell: Corpse Rot
  4082 | D:4      | Reached skill level 5 in Spellcasting
  4595 | D:5      | Entered Level 5 of the Dungeon
  4627 | D:5      | Reached XP level 6. HP: 27/45 MP: 0/0
  4818 | D:5      | Noticed a water moccasin
  4822 | D:5      | Killed a water moccasin
  4880 | D:5      | Noticed an ice beast
  4892 | D:5      | Killed an ice beast
  4893 | D:5      | Reached XP level 7. HP: 45/50 MP: 0/0
  4893 | D:5      | Learned a level 3 spell: Vampiric Draining
  5028 | D:5      | Reached skill level 6 in Spellcasting
  5513 | D:5      | Reached skill level 5 in Fighting
  5513 | D:5      | Reached XP level 8. HP: 25/59 MP: 0/0
  5790 | D:6      | Noticed Grinder
  5799 | D:6      | Killed Grinder
  6081 | D:6      | Reached skill level 7 in Spellcasting
  6386 | D:6      | Found a hazy altar of Hepliaklqana.
  6532 | D:6      | Found Uduybroa's Magic Scroll Shop.
  6540 | D:6      | Bought a scroll of magic mapping for 49 gold pieces
  6540 | D:6      | Bought a scroll of teleportation for 42 gold pieces
  6609 | D:6      | Reached skill level 1 in Shields
  6968 | D:6      | Found a staircase to the Ecumenical Temple.
  6982 | Temple   | Entered the Ecumenical Temple
  7129 | Temple   | Became a worshipper of Makhleb the Destroyer
  7503 | D:7      | Reached skill level 1 in Evocations
  7720 | D:7      | Reached XP level 9. HP: 63/67 MP: 0/0
  7720 | D:7      | Learned a level 4 spell: Cause Fear
  7969 | D:7      | Reached * piety under Makhleb
  8729 | D:7      | Reached skill level 8 in Spellcasting
  9377 | D:8      | Found a flagged portal.
  9387 | D:8      | Reached XP level 10. HP: 53/76 MP: 0/0
  9635 | D:8      | Noticed a death yak
  9777 | Bailey   | Entered a bailey
  9957 | Bailey   | Reached ** piety under Makhleb
 10351 | Bailey   | Identified Lanwanlu's Grimoire of Supportive Ice
 10553 | D:8      | Reached skill level 9 in Spellcasting
 10859 | D:8      | Found an ornate altar of the Wu Jian Council.
 10859 | D:8      | Found a broken altar of Ashenzari.
 10859 | D:8      | Found a stormy altar of Qazlal.
 11055 | D:8      | Killed a death yak
 11061 | D:8      | Reached skill level 10 in Fighting
 11115 | D:8      | Reached skill level 10 in Spellcasting
 11115 | D:8      | Reached XP level 11. HP: 66/86 MP: 0/0
 11115 | D:8      | Learned a level 5 spell: Lightning Bolt
 11289 | D:9      | Noticed a two-headed ogre
 11299 | D:9      | Killed a two-headed ogre
 11473 | D:9      | Found a sparkling altar of Nemelex Xobeh.
 12231 | D:9      | Noticed a two-headed ogre
 12253 | D:9      | Killed a two-headed ogre
 12313 | D:9      | Reached *** piety under Makhleb
 12678 | D:10     | Entered Level 10 of the Dungeon
 12799 | D:10     | You are sucked into a shaft and drop 3 floors!
 12803 | D:13     | Noticed a five-headed hydra
 12804 | D:13     | Noticed a boulder beetle
 12909 | D:12     | Noticed a two-headed ogre
 12917 | D:12     | Reached skill level 1 in Invocations
 12918 | D:12     | Killed a two-headed ogre
 12984 | D:10     | Noticed a two-headed ogre
 12993 | D:10     | Killed a two-headed ogre
 13039 | D:10     | Noticed a centaur warrior
 13046 | D:10     | HP: 4/87 [centaur warrior/arrow (10)]
 13053 | D:10     | HP: 4/87 [cloud of flame (9)]
 13536 | D:10     | Found a staircase to the Lair.
 13605 | D:10     | Found a sacrificial altar of Ru.
 13618 | D:10     | Killed a centaur warrior
 13619 | D:10     | Reached skill level 11 in Spellcasting
 13942 | D:10     | Reached XP level 12. HP: 88/95 MP: 0/0
 15381 | D:11     | Noticed a boulder beetle
 15418 | D:11     | Reached **** piety under Makhleb
 15419 | D:11     | Reached skill level 5 in Invocations
 15466 | D:11     | Noticed a two-headed ogre
 15486 | D:11     | Killed a two-headed ogre
 16219 | D:11     | Found a staircase to the Orcish Mines.
 16748 | D:11     | Reached skill level 1 in Armour
 16777 | D:11     | Reached skill level 1 in Axes
 17029 | Orc:1    | Entered Level 1 of the Orcish Mines
 17814 | Orc:1    | Found Danewkuy's Antique Armour Boutique.
 17995 | Orc:2    | Entered Level 2 of the Orcish Mines
 18035 | Orc:2    | Found a runed translucent door.
 18197 | Orc:1    | Reached ***** piety under Makhleb
 18565 | Orc:2    | Found a staircase to the Elven Halls.
 18570 | Orc:2    | Found the +10 tower shield of Ignorance {rN+ Int-4}
 18605 | Orc:2    | Noticed an ettin
 19010 | Orc:2    | Noticed an orc warlord
 19056 | Orc:2    | Found a runed translucent door.
 19183 | Lair:1   | Entered Level 1 of the Lair of Beasts
 19223 | Lair:1   | Noticed a six-headed hydra
 19228 | Lair:1   | Killed a six-headed hydra
 19228 | Lair:1   | Noticed an eight-headed hydra
 19232 | Lair:1   | Killed an eight-headed hydra
 19238 | Lair:1   | Reached XP level 13. HP: 91/102 MP: 0/0
 19238 | Lair:1   | Learned a level 5 spell: Blade Hands
 19971 | Lair:1   | Reached XP level 14. HP: 108/108 MP: 0/0
 19989 | Lair:1   | Reached skill level 5 in Dodging
 20205 | Lair:1   | Identified the +1 mace "Jituagow" {vorpal, Will+ Int+4
                  | Dex+2}
 20361 | Lair:2   | Identified the +5 war axe "Kase" {venom, Int+5}
 20681 | Lair:3   | Reached skill level 12 in Spellcasting
 20813 | Lair:3   | Identified the +1 buckler "Jofihah" {*Drain Slay+6}
 20968 | Lair:3   | Reached skill level 5 in Armour
 21195 | Lair:3   | Found a staircase to the Shoals.
 21793 | Lair:4   | Found a hole to the Spider Nest.
 23139 | Lair:4   | Noticed Josephine
 23865 | Lair:5   | Found a viscous altar of Jiyva.
 23865 | Lair:5   | Found a staircase to the Slime Pits.
 23899 | Lair:5   | Identified the +3 leather armour of Fedhas's Fury {*Drain
                  | Regen+ Int+2}
 24043 | Lair:5   | Found a runed translucent door.
 24871 | Lair:6   | Entered Level 6 of the Lair of Beasts
 25066 | Lair:6   | Reached XP level 15. HP: 98/113 MP: 0/0
 25066 | Lair:6   | Learned a level 6 spell: Dispersal
 25709 | Lair:6   | Reached skill level 13 in Spellcasting
 26458 | Lair:6   | Reached ****** piety under Makhleb
 26750 | Lair:6   | Reached skill level 10 in Invocations
 27355 | Lair:4   | Killed Josephine
 27667 | Orc:1    | Bought a fine leather armour for 224 gold pieces
 27667 | Orc:1    | Identified the +2 leather armour of the Catamount {rElec
                  | rN+} (You bought it in a shop on level 1 of the Orcish
                  | Mines)
 28246 | Orc:2    | Killed an orc warlord
 28439 | Orc:2    | Reached skill level 10 in Armour
 28463 | Orc:2    | Noticed Nergalle
 28555 | Orc:2    | Killed Nergalle
 28830 | Orc:2    | Found Ricishul's Jewellery Shoppe.
 28837 | Orc:2    | Found Ifrirukh's General Store.
 29026 | Orc:2    | Bought 2 scrolls of fog for 64 gold pieces
 29119 | Orc:2    | Found Wethrun's Antique Weapon Shoppe.
 29177 | Orc:2    | Found Dowuomm's Antique Armour Shoppe.
 29184 | Orc:2    | Bought a shiny helmet for 180 gold pieces
 29189 | Orc:2    | Bought an embroidered cloak for 180 gold pieces
 29209 | Orc:2    | Bought an amulet of the acrobat for 420 gold pieces
 29599 | D:12     | Reached skill level 14 in Spellcasting
 29624 | D:12     | Noticed Urug
 29628 | D:12     | Killed Urug
 29891 | D:13     | Noticed Sonja
 29895 | D:13     | Reached XP level 16. HP: 110/119 MP: 0/0
 29896 | D:13     | Killed Sonja
 29907 | D:13     | Noticed Maurice
 29910 | D:13     | Killed Maurice
 29988 | D:13     | Identified a scroll of acquirement
 29989 | D:13     | Acquired the ring "Plog" {Slay+4 Stlth+}
 30097 | D:13     | Noticed Jorgrun
 30103 | D:13     | Killed Jorgrun
 30444 | D:14     | Found a gate to the Vaults.
 30458 | D:14     | You are sucked into a shaft and drop 1 floor!
 30458 | D:15     | Entered Level 15 of the Dungeon
 31362 | D:15     | Found a staircase to the Depths.
 31556 | D:15     | Noticed Agnes
 31563 | D:15     | Slain by Agnes

Illustrated notes

Levels and vault maps discovered:
D:1:      dpeg_arrival_simpleton_c, layout_loops_corners, serial_rivers,
          chequers_serial_rivers_micro_b, chequers_serial_rivers_micro_a,
          chequers_serial_rivers_room_b, chequers_serial_rivers_small_b,
          chequers_serial_rivers_micro_a
D:2:      layout_basic, serial_shops, shop
D:3:      layout_loops_corners, lemuel_crystal_altar,
          minmay_misc_feat_nine_boxes, xom_teletrap_fun
D:4:      layout_loops_corners
D:5:      layout_basic
D:6:      layout_basic, nicolae_hepliaklqana_hazy_memory,
          minmay_temple_entry_offerings, serial_shops, shop,
          kennysheep_generic_room_8, uniq_grinder
D:7:      minmay_evil_eye, layout_basic
D:8:      argonaut_augean_stables, layout_basic, gammafunk_temple_overflow_claw,
          enter_bailey_3, kennysheep_generic_room_5
D:9:      layout_cave_pods, kennysheep_mini_moat, st_stairs_10
D:10:     layout_basic, due_lair_maze_entry_diamond, basic_altar
D:11:     layout_roguey [special_room_orc], erik_orc_1, minivault_23
D:12:     layout_gridville, hex_medium, uniq_urug
D:13:     layout_big_octagon, uniq_sonja, uniq_jorgrun, uniq_maurice
D:14:     layout_basic, david_vaults_3, serial_bayou_lagoon_a, bh_circular_ruins
D:15:     grunt_enter_depths_hoard, layout_rooms, uniq_agnes
Temple:   eino_temple_scatter_basement
Lair:1:   layout_hall_layers, grunt_megastairs_5
Lair:2:   layout_misc_corridors
Lair:3:   layout_cave_pods, minmay_shoals_entry_centaurs,
          chequers_serial_rivers_micro_d, serial_bayou_shore_b
Lair:4:   layout_regular_city, nicolae_spider_entry_non_spiders,
          minmay_lair_oklob_chamber, uniq_josephine
Lair:5:   layout_cave_pods, dpeg_slime_entry_enclosed_altar, pf_torpor_hydra
Lair:6:   evilmike_catoblepas_cave, layout_cave_shapes, st_stairs_7,
          grunt_megastairs_4
Orc:1:    cheibrodos_orc_arena, layout_diamond_mine, serial_shops, shop,
          guppyfry_library_mini
Orc:2:    grunt_orc_cross, layout_caves, chequers_guarded_unrand_ignorance

Skill      XL: |  1  2  3  4  5  6  7  8  9 10 11 12 13 14 15 16 |
---------------+-------------------------------------------------+-----
Spellcasting   | 3 4 5 6 7 8 10 11 12 14 | 14.5
Fighting       | 1 2 3 5 6 8 10 11 12 | 12.7
Shields        | 2 4 |  4.0
Evocations     | 1 3 4 |  4.6
Invocations    | 4 5 8 10 | 10.5
Armour         | 3 7 10 11 | 11.2
Stealth        | 3 4 |  4.0
Axes           | 2 3 |  3.0
Dodging        | 4 5 |  5.0
Unarmed Combat | 7 |  7.0

Action                   |  1- 3 |  4- 6 |  7- 9 | 10-12 | 13-15 | 16-18 || total
-------------------------+-------+-------+-------+-------+-------+-------++-------
Melee: Short sword       |     8 |       |       |       |       |       ||     8
       Dagger            |       |    20 |       |       |       |       ||    20
       Flail             |       |       |     4 |       |       |       ||     4
       Trident           |       |       |    25 |    86 |       |       ||   111
       Hand axe          |       |       |       |    52 |     2 |       ||    54
       Unarmed           |       |       |       |       |    11 |       ||    11
       Mace              |       |       |       |       |    59 |     5 ||    64
       Punch             |       |       |       |       |     1 |       ||     1
       Staff             |       |       |       |       |    65 |     7 ||    72
 Cast: Foxfire           |    55 |    75 |   142 |   280 |   476 |    34 ||  1062
       Sticky Flame      |       |     1 |     9 |    61 |   105 |       ||   176
       Inner Flame       |       |       |    21 |    52 |    67 |    10 ||   150
       Fireball          |       |       |     1 |    15 |    61 |    60 ||   137
       Vampiric Draining |       |       |       |     2 |       |       ||     2
       Cause Fear        |       |       |       |     3 |     2 |     1 ||     6
       Blade Hands       |       |       |       |       |     3 |       ||     3
       Lightning Bolt    |       |       |       |       |    14 |    20 ||    34
       Dispersal         |       |       |       |       |       |     1 ||     1
Invok: Lesser Servant of |       |       |       |       |     1 |       ||     1
       Greater Servant o |       |       |       |       |       |     1 ||     1
Evoke: Wand              |       |       |       |       |       |     1 ||     1
       Condenser vane    |       |       |       |       |       |     1 ||     1
  Use: Scroll            |       |       |     8 |     8 |     7 |     3 ||    26
       Potion            |       |       |       |     1 |     1 |       ||     2
 Stab: Sleeping          |       |     1 |       |     1 |       |       ||     2
       Distracted        |       |       |       |     1 |       |       ||     1
Armor: Robe              |     2 |     5 |     5 |    28 |       |       ||    40
       Ring mail         |       |       |       |     5 |    95 |     6 ||   106
       Troll leather arm |       |       |       |     2 |       |       ||     2
       Swamp dragon scal |       |       |       |     1 |       |       ||     1
       Ice dragon scales |       |       |       |       |       |     6 ||     6
Dodge: Dodged            |     5 |    16 |    29 |   119 |   156 |     8 ||   333
Block: Buckler           |       |       |     5 |    45 |    88 |     8 ||   146

Table legend: (Time is in decaauts)
 A = Elapsed time spent in this place.
 B = Non-inter-level travel time spent in this place.
 C = Inter-level travel time spent in this place.
 D = Time resting spent in this place.
 E = Time spent auto-exploring this place.
 F = Levels seen in this place.
 G = Mean time per level.
                   A        B        C        D        E       F      G
               +--------+--------+--------+--------+--------+-----+--------+
         Total |  31724 |  30578 |   1146 |   5325 |  19959 |  25 | 1269.0 |
       Dungeon |  19263 |  18639 |    624 |   2520 |  13374 |  15 | 1284.2 |
        Temple |    162 |    147 |     15 |      0 |    140 |   1 |  162.0 |
          Lair |   8047 |   7760 |    287 |   1499 |   4805 |   6 | 1341.2 |
  Orcish Mines |   3583 |   3363 |    220 |   1020 |   1410 |   2 | 1791.5 |
        Bailey |    667 |    667 |      0 |    286 |    230 |   1 |  667.0 |
               +--------+--------+--------+--------+--------+-----+--------+

Top non-repeatable levels by time:
    D:10: 2643 daAuts
  Lair:4: 2214 daAuts
  Lair:5: 2171 daAuts
    D:11: 1940 daAuts
   Orc:1: 1898 daAuts
     D:6: 1772 daAuts
   Orc:2: 1685 daAuts
  Lair:6: 1617 daAuts
     D:8: 1458 daAuts
     D:9: 1452 daAuts
     D:1: 1419 daAuts
     D:7: 1415 daAuts
     D:3: 1279 daAuts
     D:4: 1225 daAuts
     D:5: 1175 daAuts
